ORI
LOUISIANA STATE UNIVERSITY TIGERS @ UNIVERSITY OF CONNETICUT HUSKIES
10/16/2049
 
TOP OF THE 1ST
Louisiana State University Tigers batting - Pitching for University of Conneticut Huskies : RHP Daniel Matthews
Pitching: RHP Daniel Matthews
Batting: RHB Roku Miyahara 0-0: Called Strike
0-1: Foul Ball, location: 2F
0-2: Ball
1-2: Ground out 6-3 (Groundball, 6, EV 83.1 MPH)
Batting: RHB Bernie Benavides 0-0: Ball
1-0: Ball
2-0: Called Strike
2-1: Foul Ball, location: 2F
2-2: Ball
3-2: Ground out 4-3 (Groundball, 4, EV 85.0 MPH)
Batting: RHB Stewart Walker 0-0: Called Strike
0-1: Ball
1-1: Ball
2-1: SINGLE (Groundball, 6MS, EV 72.5 MPH) (infield hit)
Batting: LHB Carsten Obenauer 0-0: Called Strike
0-1: Ball
Stewart Walker steals 2nd base (no throw)
1-1: Fly out, F6 (Popup, 6, EV 71.9 MPH)
Top of the 1st over - 0 runs, 1 hit, 0 errors, 1 left on base; Louisiana State University 0 - University of Conneticut 0
BOTTOM OF THE 1ST
University of Conneticut Huskies batting - Pitching for Louisiana State University Tigers : RHP Larry Donahue
Pitching: RHP Larry Donahue
Batting: RHB Jordan Nicholas 0-0: Fly out, F8 (Flyball, 8LM, EV 90.0 MPH)
Batting: RHB Victor Ramos 0-0: Foul Ball, location: 2F
0-1: Fly out, F8 (Flyball, 8LM, EV 78.8 MPH)
Batting: LHB Greg James 0-0: SINGLE (Flyball, 8LS, EV 88.1 MPH)
Batting: RHB Jai De san miguel 0-0: Fielders Choice at 2nd, 6-4 (Groundball, 6, EV 88.1 MPH)
Bottom of the 1st over - 0 runs, 1 hit, 0 errors, 1 left on base; Louisiana State University 0 - University of Conneticut 0
TOP OF THE 2ND
Louisiana State University Tigers batting - Pitching for University of Conneticut Huskies : RHP Daniel Matthews
Batting: RHB Keith Ashton 0-0: Foul Ball, location: 2F
0-1: Ball
1-1: Swinging Strike
1-2: Foul Ball, location: 2F
1-2: Foul Ball, location: 2F
1-2: Ball
2-2: Foul Ball, location: 2F
2-2: Strikes out looking
Batting: LHB Oscar Rivera 0-0: Ball
1-0: Foul Ball, location: 2F
1-1: Ball
2-1: Fly out, F8 (Flyball, 89D, EV 102.5 MPH)
Batting: LHB Manny Grado 0-0: Ball
1-0: Ball
2-0: Ball
3-0: Called Strike
3-1: Foul Ball, location: 2F
3-2: TRIPLE (Flyball, 78XD, EV 95.6 MPH)
Batting: RHB Byung-hee Jee 0-0: Ball
1-0: Foul Ball, location: 2F
1-1: Ball
2-1: Called Strike
2-2: Ball
Wild Pitch!
Manny Grado scores
3-2: Strikes out looking
Top of the 2nd over - 1 run, 1 hit, 0 errors, 0 left on base; Louisiana State University 1 - University of Conneticut 0
BOTTOM OF THE 2ND
University of Conneticut Huskies batting - Pitching for Louisiana State University Tigers : RHP Larry Donahue
Batting: LHB Jonathan Sica 0-0: Foul Ball, location: 2F
0-1: Called Strike
0-2: Foul Ball, location: 2F
0-2: Ball
1-2: Foul Ball, location: 2F
1-2: Foul Ball, location: 2F
1-2: Foul Ball, location: 2F
1-2: Ball
2-2: Ball
3-2: Foul Ball, location: 2F
3-2: Ground out U3 (Groundball, 3, EV 87.5 MPH)
Batting: RHB Phil Hilton 0-0: Ball
1-0: Foul Ball, location: 2F
1-1: SINGLE (Line Drive, 9LS, EV 98.1 MPH)
Batting: LHB Omar Alba 0-0: Called Strike
Phil Hilton is caught stealing 2nd base 2-6
0-1: Ball
1-1: Foul Ball, location: 2F
1-2: Ball
2-2: Strikes out looking
Bottom of the 2nd over - 0 runs, 1 hit, 0 errors, 0 left on base; Louisiana State University 1 - University of Conneticut 0
TOP OF THE 3RD
Louisiana State University Tigers batting - Pitching for University of Conneticut Huskies : RHP Daniel Matthews
Batting: SHB Paul Blaylock 0-0: Ball
1-0: Ball
2-0: Called Strike
2-1: Swinging Strike
2-2: Ground out 6-3 (Groundball, 56, EV 85.6 MPH)
Batting: RHB Roku Miyahara 0-0: Ball
1-0: Called Strike
1-1: Foul Ball, location: 2F
1-2: Foul Ball, location: 2F
1-2: Strikes out swinging
Batting: RHB Bernie Benavides 0-0: Called Strike
0-1: Ball
1-1: Called Strike
1-2: Ball
2-2: Strikes out looking
Top of the 3rd over - 0 runs, 0 hits, 0 errors, 0 left on base; Louisiana State University 1 - University of Conneticut 0
BOTTOM OF THE 3RD
University of Conneticut Huskies batting - Pitching for Louisiana State University Tigers : RHP Larry Donahue
Batting: RHB Matthew Lanford 0-0: Ball
1-0: Foul Ball, location: 2F
1-1: Ball
2-1: Ball
3-1: Foul Ball, location: 2F
3-2: SOLO HOME RUN (Line Drive, 9D, EV 104.4 MPH), Distance : 416 ft
Batting: RHB Charlie Slayback 0-0: Ball
1-0: Ball
2-0: Called Strike
2-1: Ball
3-1: Fly out, F6 (Line Drive, 56D, EV 71.2 MPH)
Batting: RHB Jordan Nicholas 0-0: Ball
1-0: Ball
2-0: Swinging Strike
2-1: Ground out 4-3 (Groundball, 4, EV 90.0 MPH)
Batting: RHB Victor Ramos 0-0: Ball
1-0: Swinging Strike
1-1: Swinging Strike
1-2: Strikes out looking
Bottom of the 3rd over - 1 run, 1 hit, 0 errors, 0 left on base; Louisiana State University 1 - University of Conneticut 1
TOP OF THE 4TH
Louisiana State University Tigers batting - Pitching for University of Conneticut Huskies : RHP Daniel Matthews
Batting: RHB Stewart Walker 0-0: Called Strike
0-1: Ball
1-1: Foul Ball, location: 2F
1-2: Ball
2-2: Fly out, F8 (Flyball, 89XD, EV 78.8 MPH)
Batting: LHB Carsten Obenauer 0-0: Ball
1-0: Ball
2-0: Called Strike
2-1: Foul Ball, location: 2F
2-2: Ground out 3-1 (Groundball, 34S, EV 85.6 MPH)
Batting: RHB Keith Ashton 0-0: Ball
1-0: SINGLE (Flyball, 4MD, EV 90.6 MPH)
Batting: LHB Oscar Rivera 0-0: Hit by Pitch
Keith Ashton to second
Batting: LHB Manny Grado 0-0: Swinging Strike
0-1: Ball
1-1: Called Strike
1-2: Foul Ball, location: 2F
1-2: Ball
2-2: Foul Ball, location: 2F
2-2: Strikes out swinging
Top of the 4th over - 0 runs, 1 hit, 0 errors, 2 left on base; Louisiana State University 1 - University of Conneticut 1
BOTTOM OF THE 4TH
University of Conneticut Huskies batting - Pitching for Louisiana State University Tigers : RHP Larry Donahue
Batting: LHB Greg James 0-0: Ball
1-0: Called Strike
1-1: Ball
2-1: Fly out, F7 (Flyball, 7D, EV 104.4 MPH)
Batting: RHB Jai De san miguel 0-0: Fly out, F8 (Line Drive, 8RD, EV 85.6 MPH)
Batting: LHB Jonathan Sica 0-0: Called Strike
0-1: Swinging Strike
0-2: Strikes out swinging
Bottom of the 4th over - 0 runs, 0 hits, 0 errors, 0 left on base; Louisiana State University 1 - University of Conneticut 1
TOP OF THE 5TH
Louisiana State University Tigers batting - Pitching for University of Conneticut Huskies : RHP Daniel Matthews
Batting: RHB Byung-hee Jee 0-0: Called Strike
0-1: Ball
1-1: Called Strike
1-2: Ball
2-2: Strikes out looking
Pitching: RHP Nick Rice
Batting: SHB Paul Blaylock 0-0: Called Strike
0-1: Called Strike
0-2: Foul Ball, location: 2F
0-2: Foul Ball, location: 2F
0-2: Foul Ball, location: 2F
0-2: Ground out 4-3 (Groundball, 34, EV 101.9 MPH)
Batting: RHB Roku Miyahara 0-0: Called Strike
0-1: Fly out, F9 (Flyball, 9D, EV 101.9 MPH)
Top of the 5th over - 0 runs, 0 hits, 0 errors, 0 left on base; Louisiana State University 1 - University of Conneticut 1
BOTTOM OF THE 5TH
University of Conneticut Huskies batting - Pitching for Louisiana State University Tigers : RHP Larry Donahue
Batting: RHB Phil Hilton 0-0: Ball
1-0: Foul Ball, location: 2F
1-1: Foul Ball, location: 2F
1-2: Foul Ball, location: 2F
1-2: Reached on error, E6 (Groundball, 6, EV 83.1 MPH)
Batting: LHB Omar Alba 0-0: Ball
1-0: Swinging Strike
1-1: Ball
2-1: Ball
3-1: Swinging Strike
3-2: Foul Ball, location: 2F
3-2: Strikes out swinging
Batting: RHB Matthew Lanford 0-0: Called Strike
0-1: Ball
1-1: Grounds into double play, 6-4-3 (Groundball, 6S, EV 81.9 MPH)
Bottom of the 5th over - 0 runs, 0 hits, 1 error, 0 left on base; Louisiana State University 1 - University of Conneticut 1
TOP OF THE 6TH
Louisiana State University Tigers batting - Pitching for University of Conneticut Huskies : RHP Nick Rice
Batting: RHB Bernie Benavides 0-0: Called Strike
0-1: Fly out, F6 (Line Drive, 6M, EV 68.8 MPH)
Batting: RHB Stewart Walker 0-0: Called Strike
0-1: Ground out U3 (Groundball, 34, EV 86.9 MPH)
Batting: LHB Carsten Obenauer 0-0: Called Strike
0-1: Fly out, F6 (Popup, 6M, EV 54.4 MPH)
Top of the 6th over - 0 runs, 0 hits, 0 errors, 0 left on base; Louisiana State University 1 - University of Conneticut 1
BOTTOM OF THE 6TH
University of Conneticut Huskies batting - Pitching for Louisiana State University Tigers : RHP Larry Donahue
Batting: RHB Charlie Slayback 0-0: Swinging Strike
0-1: Ball
1-1: Foul Ball, location: 2F
1-2: Ball
2-2: Ball
3-2: Strikes out swinging
Batting: RHB Jordan Nicholas 0-0: SINGLE (Line Drive, 78S, EV 100.6 MPH)
Batting: RHB Victor Ramos 0-0: Ball
1-0: Ball
Jordan Nicholas steals 2nd base
2-0: Foul Ball, location: 2F
2-1: Called Strike
2-2: Foul Ball, location: 2F
2-2: Ball
3-2: Ground out 5-3 (Groundball, 5, EV 100.6 MPH)
Pitching: RHP Rogelio Rivera
Batting: LHB Greg James 0-0: Ball
1-0: Ball
2-0: Foul Ball, location: 2F
2-1: Foul Ball, location: 2F
2-2: Ground out 4-3 (Groundball, 34D, EV 106.2 MPH)
Bottom of the 6th over - 0 runs, 1 hit, 0 errors, 1 left on base; Louisiana State University 1 - University of Conneticut 1
TOP OF THE 7TH
Louisiana State University Tigers batting - Pitching for University of Conneticut Huskies : RHP Nick Rice
Batting: RHB Keith Ashton 0-0: Ball
1-0: Called Strike
1-1: Ball
2-1: Ground out 6-3 (Groundball, 6, EV 94.4 MPH)
Pitching: LHP Marvin Lopez
Batting: LHB Oscar Rivera 0-0: Foul Ball, location: 2F
0-1: Ball
1-1: Ball
2-1: Ball
3-1: Called Strike
3-2: Ground out 4-3 (Groundball, 34, EV 100.0 MPH)
Batting: LHB Manny Grado 0-0: Called Strike
0-1: Foul Ball, location: 2F
0-2: Strikes out swinging
Top of the 7th over - 0 runs, 0 hits, 0 errors, 0 left on base; Louisiana State University 1 - University of Conneticut 1
BOTTOM OF THE 7TH
University of Conneticut Huskies batting - Pitching for Louisiana State University Tigers : RHP Rogelio Rivera
Batting: RHB Jai De san miguel 0-0: Ball
1-0: Ground out 5-3 (Groundball, 56S, EV 79.4 MPH)
Batting: LHB Jonathan Sica 0-0: Fly out, F7 (Flyball, 7, EV 89.4 MPH)
Batting: RHB Phil Hilton 0-0: Called Strike
0-1: Swinging Strike
0-2: Ball
1-2: Ball
2-2: Ball
3-2: Foul Ball, location: 2F
3-2: Ground out 6-3 (Groundball, 6S, EV 71.9 MPH)
Bottom of the 7th over - 0 runs, 0 hits, 0 errors, 0 left on base; Louisiana State University 1 - University of Conneticut 1
TOP OF THE 8TH
Louisiana State University Tigers batting - Pitching for University of Conneticut Huskies : LHP Marvin Lopez
Batting: RHB Byung-hee Jee 0-0: Called Strike
0-1: Ball
1-1: Reached on error, E6 (Groundball, 56, EV 107.5 MPH)
Batting: SHB Paul Blaylock 0-0: Bunt missed!
0-1: Ball
1-1: Bunt missed!
1-2: Strikes out swinging
Batting: RHB Roku Miyahara 0-0: Foul Ball, location: 2F
0-1: Called Strike
0-2: Ball
1-2: Strikes out swinging
Batting: RHB Bernie Benavides 0-0: Called Strike
0-1: Ball
1-1: Called Strike
1-2: Ball
2-2: Strikes out swinging
Top of the 8th over - 0 runs, 0 hits, 1 error, 1 left on base; Louisiana State University 1 - University of Conneticut 1
BOTTOM OF THE 8TH
University of Conneticut Huskies batting - Pitching for Louisiana State University Tigers : RHP Rogelio Rivera
Pitching: LHP Luis Sandoval
Pinch Hitting: RHB Dave Cobos 0-0: Ground out 6-3 (Groundball, 6, EV 85.6 MPH)
Batting: RHB Matthew Lanford 0-0: Ball
1-0: Foul Ball, location: 2F
1-1: Fly out, F8 (Flyball, 89XD, EV 85.6 MPH)
Batting: RHB Charlie Slayback 0-0: Called Strike
0-1: Ball
1-1: Ball
2-1: Called Strike
2-2: Foul Ball, location: 2F
2-2: Strikes out looking
Bottom of the 8th over - 0 runs, 0 hits, 0 errors, 0 left on base; Louisiana State University 1 - University of Conneticut 1
TOP OF THE 9TH
Louisiana State University Tigers batting - Pitching for University of Conneticut Huskies : LHP Marvin Lopez
Pitching: RHP Andy Barnitz
Now in CF: Bertil Ivens
Batting: RHB Stewart Walker 0-0: Called Strike
0-1: Called Strike
0-2: Fly out, F8 (Line Drive, 8LM, EV 88.8 MPH)
Pinch Hitting: RHB Bobby Hanson 0-0: Called Strike
0-1: SINGLE (Groundball, 56S, EV 69.4 MPH) (infield hit)
Batting: RHB Keith Ashton 0-0: Ball
1-0: Fly out, F8 (Flyball, 8RD, EV 98.8 MPH)
Batting: LHB Oscar Rivera 0-0: Called Strike
0-1: Swinging Strike
0-2: Strikes out swinging
Top of the 9th over - 0 runs, 1 hit, 0 errors, 1 left on base; Louisiana State University 1 - University of Conneticut 1
BOTTOM OF THE 9TH
University of Conneticut Huskies batting - Pitching for Louisiana State University Tigers : LHP Luis Sandoval
Now in CF: Brian Caruso
Batting: RHB Jordan Nicholas 0-0: Ball
1-0: Fly out, F8 (Flyball, 8LM, EV 98.8 MPH)
Batting: RHB Victor Ramos 0-0: Foul Ball, location: 2F
0-1: Fly out, F7 (Flyball, 7LM, EV 103.8 MPH)
Batting: LHB Greg James 0-0: DOUBLE (Flyball, 8LXD, EV 97.5 MPH)
Batting: RHB Jai De san miguel 0-0: Ball
1-0: Ground out 5-3 (Groundball, 56S, EV 68.1 MPH)
Bottom of the 9th over - 0 runs, 1 hit, 0 errors, 1 left on base; Louisiana State University 1 - University of Conneticut 1
TOP OF THE 10TH
Louisiana State University Tigers batting - Pitching for University of Conneticut Huskies : RHP Andy Barnitz
Batting: LHB Manny Grado 0-0: Ball
1-0: Foul Ball, location: 2F
1-1: Ball
2-1: Ball
3-1: Foul Ball, location: 2F
3-2: Foul Ball, location: 2F
3-2: Strikes out swinging
Batting: RHB Byung-hee Jee 0-0: DOUBLE (Line Drive, 7D, EV 108.1 MPH)
Pinch Hitting: LHB Matt Ellington 0-0: Intentional Walk
Batting: RHB Roku Miyahara 0-0: Bunted foul
0-1: Bunted foul
0-2: Ball
1-2: Foul Ball, location: 2F
1-2: Fly out, F3 (Popup, 34S, EV 48.8 MPH)
Batting: RHB Bernie Benavides 0-0: Fielders Choice at 2nd, U6 (Groundball, 6M, EV 79.4 MPH)
Top of the 10th over - 0 runs, 1 hit, 0 errors, 2 left on base; Louisiana State University 1 - University of Conneticut 1
BOTTOM OF THE 10TH
University of Conneticut Huskies batting - Pitching for Louisiana State University Tigers : LHP Luis Sandoval
Pitching: LHP Clyde Fisher
Now at C: Matt Ellington
Batting: LHB Jonathan Sica 0-0: Called Strike
0-1: Called Strike
0-2: Ball
1-2: SINGLE (Groundball, 3D, EV 97.5 MPH)
Batting: RHB Phil Hilton 0-0: Ball
1-0: Sac Bunt to 3S - play at first, batter OUT! 3-1
Jonathan Sica to second
Pinch Hitting: LHB Matt Reed 0-0: Ball
1-0: SINGLE (Groundball, 6MD, EV 103.1 MPH)
Jonathan Sica to third
Batting: RHB Matthew Lanford 0-0: Ball
1-0: Ball
2-0: Foul Ball, location: 2F
2-1: Ball
3-1: Fielders Choice at home, 6-2 (Groundball, 6, EV 88.1 MPH)
Matt Reed to second
Batting: RHB Charlie Slayback 0-0: Called Strike
0-1: Called Strike
0-2: Ball
1-2: Ground out 4-3 (Groundball, 4, EV 89.4 MPH)
Bottom of the 10th over - 0 runs, 2 hits, 0 errors, 2 left on base; Louisiana State University 1 - University of Conneticut 1
TOP OF THE 11TH
Louisiana State University Tigers batting - Pitching for University of Conneticut Huskies : RHP Andy Barnitz
Now in CF: Matt Reed
Batting: RHB Stewart Walker 0-0: Foul Ball, location: 2F
0-1: Ball
1-1: Foul Ball, location: 2F
1-2: Ball
2-2: Reached on error, E3 (Groundball, 34, EV 101.9 MPH)
Batting: SHB Brian Caruso 0-0: Ball
1-0: Foul Ball, location: 2F
1-1: Called Strike
1-2: Foul Ball, location: 2F
1-2: Ball
2-2: Foul Ball, location: 2F
2-2: Foul Ball, location: 2F
2-2: Ball
Wild Pitch!
Stewart Walker to second
3-2: Foul Ball, location: 2F
3-2: Strikes out swinging
Pitching: RHP Jean-François Michel
Batting: RHB Keith Ashton 0-0: Ball
Stewart Walker steals 3rd base (no throw)
1-0: Called Strike
1-1: Swinging Strike
1-2: Ball
2-2: Foul Ball, location: 2F
2-2: Ball
3-2: Strikes out swinging
Batting: LHB Oscar Rivera 0-0: Intentional Walk
Batting: LHB Manny Grado 0-0: SINGLE (Groundball, 4MD, EV 102.5 MPH)
Stewart Walker scores
Oscar Rivera to second
Runner from 2nd tries for 3rd, SAFE, throw by CF made at trailing runner, OUT! 8-6
Top of the 11th over - 1 run, 1 hit, 1 error, 1 left on base; Louisiana State University 2 - University of Conneticut 1
BOTTOM OF THE 11TH
University of Conneticut Huskies batting - Pitching for Louisiana State University Tigers : LHP Clyde Fisher
Now at 1B: Jon Valdez
Batting: RHB Jordan Nicholas 0-0: Called Strike
0-1: Foul Ball, location: 2F
0-2: Foul Ball, location: 2F
0-2: Strikes out swinging
Batting: RHB Victor Ramos 0-0: Swinging Strike
0-1: Ball
1-1: Ball
2-1: Fly out, F7 (Flyball, 7, EV 81.9 MPH)
Batting: LHB Greg James 0-0: Fly out, F6 (Popup, 6, EV 70.0 MPH)
Bottom of the 11th over - 0 runs, 0 hits, 0 errors, 0 left on base; Louisiana State University 2 - University of Conneticut 1
Sunday, July 16th , 2023 - OOTP Baseball 24.6 Build 69